 Dungeon Crawl Stone Soup version 0.24-a0-443-g80245de385 (webtiles) character file.

Game seed: 8736492947131262086

12 Gargoyl the Skirmisher (level 2, 0/26 HPs)
             Began as a Centaur Abyssal Knight on June 21, 2019.
             Was a Follower of Lugonu.
             Slain by a bat (1 damage)
             ... on level 1 of the Dungeon.
             The game lasted 00:01:38 (659 turns).

Gargoyl the Skirmisher (Centaur Abyssal Knight)      Turns: 659, Time: 00:01:39

Health: 0/26       AC:  4    Str: 14    XL:     2   Next: 20%
Magic:  3/3        EV:  9    Int: 11    God:    Lugonu [*.....]
Gold:   26         SH:  0    Dex:  8    Spells: 1/1 levels left

rFire    . . .     SeeInvis .   a - +1 hand axe
rCold    . . .     Gourm    .   (no shield)
rNeg     . . .     Faith    .   b - +0 leather armour
rPois    .         Spirit   .   (no helmet)
rElec    .         Reflect  .   (no cloak)
rCorr    .         Harm     .   (no gloves)
MR       .....                  (no barding)
Stlth    ..........             (no amulet)
HPRegen  0.08/turn              d - ring of flight
MPRegen  0.08/turn              (no ring)

@: very slightly contaminated, invisible, very quick
A: large, hooves 3, deformed body, speed 2, tough skin 3
a: Depart the Abyss, Renounce Religion, Evoke Flight


You were on level 1 of the Dungeon.
You worshipped Lugonu.
Lugonu was aware of your devotion.
You were not hungry.

You visited 1 branch of the dungeon, and saw 1 of its levels.
You visited the Abyss 1 time.

You collected 26 gold pieces.

Inventory:

Hand Weapons
 a - a +1 hand axe (weapon)
 e - a +0 war axe
 f - the cursed +3 arbalest "Grim" {flame, rC+ SInv, unknown}
   (You found it on level 3 of the Abyss)

   It causes projectiles fired from it to burn those they strike, causing extra
   injury to most foes and up to half again as much damage against particularly
   susceptible opponents.
   It protects you from cold.
   It lets you see invisible.
   It has a curse placed upon it.
Armour
 b - a +0 leather armour (worn)
Jewellery
 d - a ring of flight (left hand)
Scrolls
 g - a scroll of remove curse {unknown}
Potions
 h - a potion of curing {unknown}
Comestibles
 c - a ration


   Skills:
 + Level 3.2 Fighting
 + Level 1.8 Axes
 * Level 1.7 Armour
 * Level 0.8 Dodging
 * Level 2.1 Invocations


You had one spell level left.
You didn't know any spells.
Your spell library was empty.

Dungeon Overview and Level Annotations

Branches:
Dungeon (1/15)

Altars:


Innate Abilities, Weirdness & Mutations

You have hooves in place of feet.
Armour fits poorly on your strangely shaped body.
You cover ground very quickly.
You have extremely tough skin. (AC +3)


Message History

Unknown command.
The bat hits you but does no damage.
Found a fuming ruby potion.
The bat closely misses you.
Found 23 arrows.
The bat barely misses you. The bat barely misses you.
You slash the bat!
You kill the bat!
Lugonu accepts your kill.
Found a smoky brown potion.
A bat comes into view.
You closely miss the bat. Your kick misses the bat.
The bat hits you but does no damage. The bat closely misses you.
There are no items here.
The bat barely misses you.
You see here a fuming ruby potion.
h - a fuming ruby potion The bat hits you.
You die...

....! ..... ... .....#
..............
.............##########.
... #..........b@.......
... ............##....##
... .....##..g...#.##
...#####.............#
....#......###.##...##
...........†g...#####
....###.#######..(..#
....###.# ####..
..#...#.########


You could see a gnoll and a bat.

Vanquished Creatures
  2 leopard geckos (D:1)
  A hobgoblin (D:1)
  2 jackals (D:1)
  3 bats (D:1)
  A frilled lizard (D:1)
  A kobold (D:1)
10 creatures vanquished.

Notes
Turn   | Place    | Note
-------+----------+-------------------------------------------
     0 | Abyss:1  | Gargoyl the Centaur Abyssal Knight began the quest for the
                  | Orb.
     0 | Abyss:1  | Reached XP level 1. HP: 19/19 MP: 2/2
    48 | Abyss:2  | Noticed a starcursed mass
    57 | Abyss:2  | Noticed a small abomination
    63 | Abyss:2  | Noticed an iron imp
    64 | Abyss:2  | Noticed a large abomination
    90 | Abyss:3  | Noticed an iron imp
   106 | Abyss:3  | Got a polished arbalest
   118 | Abyss:3  | Noticed a worldbinder
   120 | Abyss:3  | Noticed an insubstantial wisp
   120 | Abyss:3  | Noticed a vampire mosquito
   121 | D:1      | Escaped the Abyss
   142 | D:1      | Reached * piety under Lugonu
   475 | D:1      | Reached XP level 2. HP: 17/26 MP: 3/3
   640 | D:1      | HP: 1/26 [gnoll/+0 club (7)]
   646 | D:1      | HP: 1/26 [bat (1)]
   659 | D:1      | Slain by a bat

Levels and vault maps discovered:
D:1:      wander_arrival_desolate, layout_rooms

Action                   || total
-------------------------++-------
Melee: Hand axe          ||    37
       Kick              ||     3
Invok: Depart the Abyss  ||     1
  Use: Potion            ||     1
Armor: Leather armour    ||    23
Dodge: Dodged            ||    28

Table legend:
 A = Non-vault XP
 B = Vault XP
 C = Vault XP percentage of total XP
 D = Non-vault monster count
 E = Vault monster count
 F = Vault count percentage of total count
                 A         B        C        D         E       F
            +---------+---------+-------+---------+---------+-------
      Total |      18 |       0 |   0.0 |      10 |       0 |   0.0
            +---------+---------+-------+---------+---------+-------
        D:1 |      18 |       0 |   0.0 |      10 |       0 |   0.0
            +---------+---------+-------+---------+---------+-------
